[Event "Team 45 45 League T58"]
[Site "Internet Chess Club"]
[Date "2013.09.05"]
[Round "3"]
[White "guyd52"]
[Black "mindstorm"]
[Result "1/2-1/2"]
[WhiteElo "1390"]
[BlackElo "1400"]
[Opening "Réti: King's Indian attack"]
[ECO "A07"]
[Time "19:04:50"]
[TimeControl "2700+45"]

1. Nf3 d5 2. g3 g6 3. Bg2 Bg7 4. d3 c5 5. O-O Nc6 6. Nbd2 e6 7. e4 Nge7 8. c3
O-O 9. Re1 b6 10. Nb3 Bb7 11. Bg5 Re8 12. Bf4 Qd7 13. d4 c4 14. Nbd2 b5 15. a3
dxe4 16. Nxe4 Nf5 17. g4 Nfe7 18. Nd6 Red8 19. Nxb5 e5 20. Nxe5 Nxe5 21. dxe5
Qxb5 22. Qe2 Bxg2 23. Kxg2 Rd3 24. e6 Qd5+ 25. Kg1 fxe6 26. Qxe6+ Qxe6 27. Rxe6
Nd5 28. Bg5 Rb8 29. Re2 h6 30. Bh4 Nf4 31. Re4 g5 32. Bg3 Rxb2 33. Bxf4 gxf4 34.
Rxf4 Rxc3 35. a4 Rcc2 36. Rd1 Rb4 37. Rd8+ Kh7 38. Rd7 Rxa4 39. Rff7 Kg6 40.
Rxg7+ Kf6 41. Rde7 Rc3 42. h4 Rc1+ 43. Kg2 Ra6 44. Rgf7+ Kg6 45. Rg7+ Kf6 46.
Rgf7+ Kg6 47. Rg7+ Kf6 {Game drawn by repetition} 1/2-1/2

[Event "Team 45 45 League T58"]
[Site "Internet Chess Club"]
[Date "2013.09.07"]
[Round "3"]
[White "MasterD"]
[Black "Toalla"]
[Result "1/2-1/2"]
[WhiteElo "1200"]
[BlackElo "1324"]
[Opening "Sicilian: closed"]
[ECO "B23"]
[Time "19:26:51"]
[TimeControl "2700+45"]

1. e4 c5 2. Nc3 d6 3. f4 e6 4. Nf3 Be7 5. Bb5+ Nc6 6. O-O Bd7 7. Qe1 a6 8. Bxc6
Bxc6 9. d3 Nf6 10. Qg3 Nh5 11. Qh3 Nf6 12. f5 e5 13. g4 Qc7 14. g5 Nd7 15. g6 f6
16. gxh7 O-O-O 17. Be3 Nf8 18. Qh5 Rxh7 19. Qf7 g5 20. Qb3 g4 21. Nd2 Nd7 22.
Nd5 Bxd5 23. Qxd5 Nb8 24. Qe6+ Qd7 25. Qd5 Qc6 26. Qc4 d5 27. exd5 Qxd5 28. Qxd5
Rxd5 29. Ne4 Rh3 30. Bf2 Nc6 31. Bg3 Nd4 32. Nf2 Nf3+ {Game drawn by mutual
agreement} 1/2-1/2

[Event "Team 45 45 League T58"]
[Site "Internet Chess Club"]
[Date "2013.09.07"]
[Round "3"]
[White "WilmaP"]
[Black "RockingCHESS"]
[Result "1/2-1/2"]
[WhiteElo "1105"]
[BlackElo "958"]
[Opening "Hungarian defense"]
[ECO "C50"]
[Time "08:03:43"]
[TimeControl "2700+45"]

1. e4 e5 2. Nf3 Nc6 3. Bc4 Be7 4. d3 h6 5. O-O Bf6 6. c3 d6 7. Qb3 Be6 8. Bxe6
fxe6 9. Qxe6+ Qe7 10. Qd5 O-O-O 11. Qb3 Kb8 12. Be3 Qd7 13. Nbd2 Nge7 14. a4
Rde8 15. a5 g5 16. a6 b6 17. Nc4 Kc8 18. Nxb6+ cxb6 19. Nd2 h5 20. Nc4 Kc7 21.
Bxb6+ Kc8 22. Bxa7 Qxa7 23. Nxd6+ Kd8 24. Rfd1 Ref8 25. Nb7+ Kd7 26. Ra4 Rb8 27.
d4 Ke8 28. Rda1 exd4 29. Qe6 Rf8 30. h3 dxc3 31. bxc3 g4 32. Nd6+ Kd8 33. Nb7+
Ke8 34. Rc4 Bh4 35. Nd6+ Kd8 36. Rf1 Bxf2+ 37. Kh2 Qe3 38. Nb7+ Ke8 39. Rxc6
gxh3 40. Nd6+ Kd8 41. Nb7+ Ke8 42. Nd6+ Kd8 43. Nf7+ Ke8 44. Nd6+ Kd8 45. Nb7+
Ke8 46. Qf5 Nxf5 47. Re6+ Kd7 48. Rg6 Bg3+ 49. Kh1 hxg2+ 50. Kxg2 Qxe4+ 51. Kg1
Qe3+ 52. Kg2 Nh4+ 53. Kh3 Rxf1 54. Rg7+ Kc6 55. Na5+ Kb6 56. Nc4+ Kxa6 57. Nxe3
Rh1+ 58. Kxg3 Rb3 59. Rh7 Rxc3 60. Rh6+ Kb7 61. Rh7+ Kc6 62. Rh6+ Kd7 63. Kf4
Rc4+ 64. Nxc4 Ng2+ 65. Kg5 h4 66. Rh7+ Ke6 67. Rh6+ Kd5 68. Nb6+ Ke4 69. Re6+
Kf3 70. Rf6+ Ke3 71. Nd5+ {Game drawn by mutual agreement} 1/2-1/2

[Event "Team 45 45 League T58"]
[Site "Internet Chess Club"]
[Date "2013.09.08"]
[Round "3"]
[White "Jjohnston92A"]
[Black "rhayder"]
[Result "0-1"]
[WhiteElo "1337"]
[BlackElo "1271"]
[Opening "Scotch gambit: Dubois-Réti defense"]
[ECO "C55"]
[Time "18:14:10"]
[TimeControl "2700+45"]

1. e4 e5 2. Nf3 Nc6 3. d4 exd4 4. Bc4 Nf6 5. Bg5 Be7 6. c3 dxc3 7. Nxc3 O-O 8.
Bxf6 Bxf6 9. Qe2 Bxc3+ 10. bxc3 d6 11. O-O Qf6 12. Rac1 Ne5 13. Nxe5 Qxe5 14. h3
Be6 15. Rc2 Bxc4 16. Qxc4 Qc5 17. Qb3 Qc6 18. Rd1 Qxe4 19. f3 Qe3+ 20. Kf1 Qb6
21. Qd5 Rae8 22. c4 Qa6 23. Kg1 Re5 24. Qd3 Qb6+ 25. Kh2 Rfe8 26. f4 Re1 27.
Rxe1 Rxe1 28. Re2 Rxe2 29. Qxe2 Qc6 30. Qe7 h6 31. g4 Qxc4 32. Qe8+ Kh7 33. f5
Qxa2+ 34. Kg3 Qb3+ 35. Kh4 a5 36. Kh5 a4 37. h4 a3 38. g5 Qf3# {White
checkmated} 0-1

[Event "Team 45 45 League T58"]
[Site "Internet Chess Club"]
[Date "2013.09.08"]
[Round "3"]
[White "theartist"]
[Black "arconia"]
[Result "1/2-1/2"]
[WhiteElo "1149"]
[BlackElo "1298"]
[Opening "Queen's pawn game"]
[ECO "E10"]
[Time "13:16:50"]
[TimeControl "2700+45"]

1. d4 Nf6 2. c4 e6 3. Nf3 d6 4. Nc3 Be7 5. e4 c5 6. d5 e5 7. Be2 O-O 8. O-O h6
9. Qb3 a6 10. a4 Nh7 11. h3 Nd7 12. Be3 Rb8 13. Qc2 Ng5 14. Nd2 Re8 15. f3 Nf8
16. Kh2 Ng6 17. Rae1 Nh4 18. Rf2 f5 19. f4 Nh7 20. Bh5 g6 21. Bd1 g5 22. g3 Ng6
23. fxg5 Bxg5 24. exf5 Nh8 25. g4 Bxe3 26. Rxe3 Nf6 27. Nde4 Nxe4 28. Rxe4 Nf7
29. Qe2 Qh4 30. Re3 Qd8 31. Bc2 Kg7 32. Rg2 Rh8 33. Ne4 Ng5 34. Nxg5 hxg5 35.
Rgg3 Qf6 36. Re4 Rh4 37. Qf3 Bd7 38. b3 Rbh8 39. Bd1 Be8 40. Qc3 Bh5 41. Be2 Bg6
42. Qf3 Be8 43. Bd1 Kf8 44. Be2 R8h6 45. Bd3 Qe7 46. Bc2 Rf6 47. Qf1 Qh7 48. Qf3
Qc7 49. Qc3 Bg6 50. Ree3 Be8 {Game drawn by mutual agreement} 1/2-1/2

[Event "Team 45 45 League T58"]
[Site "Internet Chess Club"]
[Date "2013.09.07"]
[Round "3"]
[White "oldbookseller"]
[Black "jjaco"]
[Result "0-1"]
[WhiteElo "943"]
[BlackElo "1045"]
[Opening "Queen's pawn game"]
[ECO "D05"]
[Time "12:38:59"]
[TimeControl "2700+45"]

1. d4 d5 2. Nf3 Nf6 3. e3 e6 4. Bd3 Be7 5. Nbd2 O-O 6. O-O b6 7. e4 Bb7 8. c4 c6
9. b3 c5 10. Bb2 Nc6 11. a3 e5 12. Nxe5 Nxe5 13. dxe5 Ne8 14. e6 fxe6 15. Be5
Bf6 16. Nf3 dxe4 17. Qc2 exd3 18. Qc3 Be4 19. Nd2 Bxe5 20. Qxe5 Bf5 21. Rad1 Nf6
22. Nf3 Ng4 23. Qf4 e5 24. Nxe5 Nxe5 25. Qxe5 Qc8 26. Qd5+ Kh8 27. f3 Rd8 28.
Qe5 Rb8 29. Rfe1 Re8 30. Qc3 Rxe1+ 31. Rxe1 Qf8 32. Qe5 Re8 33. Qc3 Rxe1+ 34.
Qxe1 h6 35. Qe5 d2 36. Qe2 Qd8 37. g4 d1=Q+ 38. Qf1 Qxf1+ 39. Kxf1 Qd1+ 40. Kg2
Qxb3 41. gxf5 Qb2+ 42. Kg3 Qxa3 43. h4 h5 44. f6 gxf6 45. Kf4 a5 46. Kf5 Qd3+
47. Kf4 Qxc4+ 48. Kf5 Qd3+ 49. Kxf6 Qxf3+ 50. Kg6 a4 {White resigns} 0-1

[Event "Team 45 45 League T58"]
[Site "Internet Chess Club"]
[Date "2013.09.08"]
[Round "3"]
[White "semperfi"]
[Black "fuzzface"]
[Result "1/2-1/2"]
[WhiteElo "1394"]
[BlackElo "1354"]
[Opening "Queen's pawn game"]
[ECO "D00"]
[Time "09:00:12"]
[TimeControl "2700+45"]

1. d4 d5 2. e3 c6 3. Bd3 Nf6 4. f4 Bg4 5. Nf3 e6 6. O-O c5 7. b3 Bd6 8. Nbd2
cxd4 9. exd4 Bxf4 10. Ba3 Nc6 11. c3 Qa5 12. Bb2 O-O-O 13. Qc2 Qc7 14. Rae1 Bxf3
15. Nxf3 Ng4 16. g3 Ne3 17. Rxe3 Bxe3+ 18. Kh1 h5 19. Qe2 Bh6 20. Ne5 Nxe5 21.
dxe5 Rhf8 22. Qxh5 d4 23. cxd4 Qc6+ 24. Qf3 Qxf3+ 25. Rxf3 f6 26. Ba3 Rh8 27.
Bd6 Bg5 28. Bc4 Kd7 29. Rc3 Ke8 30. Bxe6 fxe5 31. dxe5 Rh6 32. Bg8 Be7 33. Bxe7
Kxe7 34. Rc7+ Rd7 35. Rc4 Rc6 36. Rxc6 bxc6 37. a4 a5 38. Kg2 c5 39. h4 Rd2+ 40.
Kf3 Rd3+ 41. Kf4 Rd4+ 42. Kf5 Rd8 43. Bc4 Rf8+ 44. Kg6 Rf3 45. g4 Rf4 46. Kg5
Re4 47. Kf5 Re3 48. h5 Kf8 49. Ke6 Rg3 50. Kf5 Rf3+ 51. Kg5 Re3 52. e6 Rf3 53.
Bd5 Rg3 54. Kh4 Rd3 55. Bc4 Re3 56. Kg5 Re5+ {Game drawn by mutual agreement}
1/2-1/2

[Event "Team 45 45 League T58"]
[Site "Internet Chess Club"]
[Date "2013.09.08"]
[Round "3"]
[White "Rococo"]
[Black "dabodhi"]
[Result "0-1"]
[WhiteElo "1266"]
[BlackElo "1358"]
[Opening "Queen's pawn, Mason variation, Steinitz counter-gambit"]
[ECO "D00"]
[Time "13:02:19"]
[TimeControl "2700+45"]

1. d4 d5 2. Bf4 c5 3. Nf3 Nc6 4. e3 Nf6 5. c3 Qb6 6. Qc2 g6 7. Nbd2 Bg7 8. Be2
O-O 9. h3 Nd7 10. g4 e5 11. dxe5 Ndxe5 12. Nxe5 Nxe5 13. O-O-O Nc6 14. h4 d4 15.
h5 g5 16. Bxg5 Be6 17. h6 Bh8 18. Bd3 Rfe8 19. Bxh7+ Kf8 20. Bf5 Bxa2 21. h7
dxc3 22. Bh6+ Ke7 23. bxc3 Bd5 24. c4 Nb4 25. Qc3 {White resigns} 0-1

[Event "Team 45 45 League T58"]
[Site "Internet Chess Club"]
[Date "2013.09.10"]
[Round "3"]
[White "Aquaman"]
[Black "kabubi"]
[Result "1-0"]
[WhiteElo "1400"]
[BlackElo "1150"]
[Opening "Nimzovich-Larsen attack"]
[ECO "A01"]
[Time "20:00:17"]
[TimeControl "2700+45"]

1. b3 e6 2. Bb2 Nf6 3. e3 c5 4. c4 d5 5. cxd5 exd5 6. Nf3 Be7 7. Bd3 O-O 8. O-O
Nbd7 9. Qc2 Bd6 10. Na3 a6 11. Kh1 Re8 12. Ng5 g6 13. f4 Nf8 14. Nf3 Bg4 15.
Rae1 Bxf3 16. Rxf3 Qa5 17. Bxf6 Qxa3 18. Ref1 Nd7 19. Bh4 Be7 20. Bxe7 Rxe7 21.
Qb1 Rae8 22. Rg3 Nf6 23. Bc2 Nh5 24. Rh3 f5 25. Bxf5 gxf5 26. Rxh5 Rg7 27. Rxf5
Re4 28. Rxd5 Qb4 29. Rd8+ Kf7 30. Rd7+ Kg8 31. Rxg7+ Kxg7 32. Qb2+ Kg8 33. Rc1
c4 34. Qc3 Qa3 35. Qc2 b5 36. Kg1 Qc5 37. Qxe4 Qa3 38. Qc2 Qe7 39. bxc4 Qc5 40.
cxb5 Qxb5 41. Qc4+ {Black resigns} 1-0

[Event "Team 45 45 League T58"]
[Site "Internet Chess Club"]
[Date "2013.09.08"]
[Round "3"]
[White "wildangels"]
[Black "artspir"]
[Result "1-0"]
[WhiteElo "1082"]
[BlackElo "1153"]
[Opening "Caro-Kann: closed (Breyer) variation"]
[ECO "B10"]
[Time "10:00:45"]
[TimeControl "2700+45"]

1. e4 c6 2. d3 d5 3. Nd2 e5 4. Ngf3 Bd6 5. g3 Nf6 6. Bg2 O-O 7. O-O d4 8. b3 c5
9. Re1 Nc6 10. Nh4 Ne7 11. Nc4 Bc7 12. h3 b5 13. Nd2 Be6 14. Qf3 a5 15. Nf5 Nxf5
16. exf5 Bd5 17. Ne4 a4 18. Bg5 h6 19. Bxf6 gxf6 20. Qg4+ Kh8 21. Qh4 Bxe4 22.
Qxh6+ Kg8 23. Rxe4 Re8 24. Rg4# {Black checkmated} 1-0

[Event "Team 45 45 League T58"]
[Site "Internet Chess Club"]
[Date "2013.09.05"]
[Round "3"]
[White "Gorongonde"]
[Black "JDD01"]
[Result "0-1"]
[WhiteElo "1744"]
[BlackElo "1767"]
[Opening "Sicilian: accelerated fianchetto, Maróczy bind, 6.Be3"]
[ECO "B38"]
[Time "20:00:43"]
[TimeControl "2700+45"]

1. e4 c5 2. Nf3 Nc6 3. d4 cxd4 4. Nxd4 g6 5. Be3 Bg7 6. c4 Nf6 7. Nc3 d6 8. Be2
O-O 9. O-O Bd7 10. Qd2 Bg4 11. f3 Bd7 12. Rad1 a6 13. a3 Rc8 14. b4 Ne5 15. c5
dxc5 16. bxc5 Nc6 17. Nd5 Nxd5 18. exd5 Nxd4 19. Bxd4 Bxd4+ 20. Qxd4 Qa5 21. d6
e5 22. Qb2 Qxc5+ 23. Kh1 b5 24. Rd2 Qc3 25. Qb4 {White resigns} 0-1

[Event "Team 45 45 League T58"]
[Site "Internet Chess Club"]
[Date "2013.09.10"]
[Round "3"]
[White "clarinetref"]
[Black "DaveTheRook"]
[Result "0-1"]
[WhiteElo "1640"]
[BlackElo "1679"]
[Opening "Robatsch (modern) defense"]
[ECO "B06"]
[Time "19:49:46"]
[TimeControl "2700+45"]

1. e4 g6 2. d4 d6 3. Nf3 Bg7 4. Bd3 Nd7 5. Be3 Ngf6 6. h3 O-O 7. Qd2 c6 8. Nc3
e5 9. Bh6 Re8 10. Bxg7 Kxg7 11. O-O-O a6 12. g4 Qe7 13. Rde1 b5 14. Ne2 a5 15.
g5 Nh5 16. dxe5 dxe5 17. Nh4 Qb4 18. c3 Qd6 19. Ng2 Nc5 20. Bc2 Qxd2+ 21. Kxd2
Be6 22. b3 Rad8+ 23. Kc1 Nd3+ 24. Bxd3 Rxd3 25. h4 Red8 26. Rd1 Bg4 27. Rxd3
Rxd3 28. Re1 Bf3 29. Ne3 Bxe2 30. Rxe2 Rxc3+ 31. Kb2 Nf4 32. Kxc3 Nxe2+ 33. Kd2
Nd4 34. Ng4 Nf3+ 35. Ke3 Nxh4 36. Nxe5 c5 37. Nd7 c4 38. bxc4 bxc4 39. Kd4 c3
40. Kxc3 Nf3 41. a4 Nxg5 42. Kd3 h5 43. f4 Ne6 44. Ke3 Nd8 45. Ne5 Ne6 46. Nd7
Kh6 47. f5 gxf5 48. exf5 Nd8 49. Kf4 Nb7 50. Ne5 Nd6 51. Nc6 Nc4 52. f6 Kg6 53.
Ne7+ Kxf6 54. Nd5+ Kg6 55. Ne7+ Kf6 56. Nd5+ Ke6 57. Nc7+ Kd7 58. Nd5 Nb2 59.
Nc3 Kd6 60. Kg5 Kc5 61. Kxh5 Kb4 62. Nd5+ Kc4 63. Nb6+ Kc5 64. Nd7+ Kd6 65. Nf6
Nxa4 66. Kg5 Nc3 67. Ng4 a4 68. Ne3 Ke6 69. Nc2 Ke5 70. Kg4 f5+ 71. Kf3 Nb5 72.
Nb4 Nd4+ 73. Kf2 f4 74. Nd3+ Kf5 75. Ke1 a3 76. Nc1 Kg4 77. Kf2 Nb5 78. Na2 f3
79. Nb4 Nc3 80. Nc2 a2 81. Na1 Kf4 82. Nc2 Ne4+ 83. Kf1 Kg3 {White resigns} 0-1

[Event "Team 45 45 League T58"]
[Site "Internet Chess Club"]
[Date "2013.09.07"]
[Round "3"]
[White "SATELLITE-DAN"]
[Black "tryanything"]
[Result "1-0"]
[WhiteElo "1547"]
[BlackElo "1557"]
[Opening "QGD Slav/Grünfeld: Schlechter variation"]
[ECO "D15"]
[Time "18:45:58"]
[TimeControl "2700+45"]

1. d4 Nf6 2. Nf3 d5 3. c4 c6 4. Nc3 g6 5. e3 Bg7 6. b3 Bg4 7. Be2 O-O 8. O-O e6
9. h3 Bxf3 10. Bxf3 Na6 11. Be2 Nc7 12. Qc2 Re8 13. f4 Nd7 14. Ba3 f5 15. Rab1
Nf6 16. Bf3 Rb8 17. Qe2 Qd7 18. Qf2 b6 19. Ne2 Ne4 20. Bxe4 dxe4 21. Kh1 Red8
22. Rbd1 Qf7 23. Bb2 Rd7 24. Qh4 Rbd8 25. Rd2 Na6 26. Rfd1 Nb4 27. Nc1 c5 28. a3
Nc6 29. Ne2 Na5 30. Nc1 Bf6 31. Qe1 cxd4 32. Bxd4 Bxd4 33. Rxd4 Rxd4 34. Rxd4
Rxd4 35. exd4 Nc6 36. Qe3 Qd7 37. Ne2 Kf7 38. b4 h5 39. h4 Ke7 40. b5 Na5 41.
Qc3 Nb7 42. a4 Kf7 43. Qb4 Qc7 44. g3 e3 45. Qc3 Nd6 46. c5 bxc5 47. Qxe3 cxd4
48. Nxd4 Ne4 49. Nc6 Kf6 50. Qd4+ Kf7 51. Qxa7 Nxg3+ 52. Kg2 Qxa7 53. Nxa7 Ne2
54. b6 Nxf4+ 55. Kf3 {Black resigns} 1-0

[Event "Team 45 45 League T58"]
[Site "Internet Chess Club"]
[Date "2013.09.09"]
[Round "3"]
[White "Constrictor"]
[Black "sesquipedal"]
[Result "1-0"]
[WhiteElo "1724"]
[BlackElo "1761"]
[Opening "Réti opening"]
[ECO "A05"]
[Time "20:02:07"]
[TimeControl "2700+45"]

1. Nf3 Nf6 2. b4 g6 3. e3 Bg7 4. Bb2 d6 5. d4 O-O 6. c4 e5 7. dxe5 Ng4 8. Be2
Nc6 9. a3 a5 10. b5 Ncxe5 11. Qc1 Qf6 12. Nc3 Be6 13. Nd1 c6 14. O-O cxb5 15.
Nxe5 dxe5 16. h3 Nh6 17. f4 Qh4 18. cxb5 Rac8 19. Qd2 Rfd8 20. Qe1 Qe7 21. Bxe5
Bxe5 22. fxe5 Qc5 23. a4 Nf5 24. Bf3 Bb3 25. Bxb7 Bxd1 26. Bxc8 Nxe3 27. Kh1
Nxf1 28. Qxf1 Qd4 29. Rc1 Bxa4 30. e6 f5 31. e7 Re8 32. Be6+ Kg7 33. Rc4 Qd1 34.
Qxd1 Bxd1 35. Rc7 Kf6 36. b6 Rb8 37. Rc8 Kxe7 38. Rxb8 Kxe6 39. Rc8 {Black
resigns} 1-0

[Event "Team 45 45 League T58"]
[Site "Internet Chess Club"]
[Date "2013.09.08"]
[Round "3"]
[White "amicusUK"]
[Black "Hal2001"]
[Result "1-0"]
[WhiteElo "1692"]
[BlackElo "1590"]
[Opening "Modern defense"]
[ECO "A40"]
[Time "17:03:22"]
[TimeControl "2700+45"]

1. d4 g6 2. c3 Bg7 3. Bg5 d5 4. e3 Nf6 5. Nd2 O-O 6. Bd3 Nbd7 7. Ngf3 c5 8. O-O
cxd4 9. exd4 Qc7 10. h3 Re8 11. Re1 Nf8 12. Bh4 Qb6 13. Qb3 Qxb3 14. axb3 h6 15.
Ne5 e6 16. f4 Bd7 17. Re3 N6h7 18. Ndf3 a6 19. Rae1 Bf6 20. Bxf6 Nxf6 21. g4
N6h7 22. Nxd7 Nxd7 23. f5 gxf5 24. gxf5 Ndf8 25. Ne5 Re7 26. Rg3+ Kh8 27. Ng4
Kg7 28. Ne3+ Kh8 29. Nxd5 Rd7 30. Nb6 Rad8 31. Nxd7 Rxd7 32. fxe6 fxe6 33. Bxh7
Kxh7 34. Rf3 Kg7 35. Ref1 Ng6 36. Rg3 Kh7 37. Rf6 {Black resigns} 1-0

[Event "Team 45 45 League T58"]
[Site "Internet Chess Club"]
[Date "2013.09.08"]
[Round "3"]
[White "alaskauk"]
[Black "losscause"]
[Result "1/2-1/2"]
[WhiteElo "1444"]
[BlackElo "1570"]
[Opening "Caro-Kann: advance variation"]
[ECO "B12"]
[Time "14:01:01"]
[TimeControl "2700+45"]

1. e4 c6 2. d4 d5 3. e5 Bf5 4. Bd3 Bxd3 5. Qxd3 e6 6. Nf3 c5 7. c3 Nc6 8. O-O
Be7 9. Bf4 cxd4 10. Nxd4 Rc8 11. Nd2 Nxd4 12. cxd4 Nh6 13. Qb5+ Qd7 14. Qxd7+
Kxd7 15. Bxh6 gxh6 16. Nf3 Rhg8 17. Rfd1 f6 18. a3 a5 19. Rac1 a4 20. g3 h5 21.
h4 b6 22. Kg2 Rxc1 23. Rxc1 Rc8 24. Rxc8 Kxc8 25. Kf1 Kc7 26. Ke2 Kc6 27. Kd3 b5
28. Kc3 Kb6 29. b4 axb3 30. Kxb3 Ka5 31. Ne1 fxe5 32. dxe5 Bf8 33. Nd3 d4 34.
Nb4 Kb6 35. Nd3 Kc6 {Game drawn by mutual agreement} 1/2-1/2

[Event "Team 45 45 League T58"]
[Site "Internet Chess Club"]
[Date "2013.09.08"]
[Round "3"]
[White "stanbeers"]
[Black "ricnic"]
[Result "0-1"]
[WhiteElo "1500"]
[BlackElo "1558"]
[Opening "QGD Slav: 4.e3"]
[ECO "D11"]
[Time "20:01:20"]
[TimeControl "2700+45"]

1. d4 d5 2. c4 c6 3. e3 Nf6 4. Nf3 h6 5. cxd5 cxd5 6. Nc3 Nc6 7. Bd3 e6 8. O-O
Be7 9. h3 O-O 10. a3 a5 11. Bd2 b6 12. Re1 Ba6 13. Qc2 Bxd3 14. Qxd3 Qd7 15.
Rac1 Na7 16. e4 dxe4 17. Nxe4 Nxe4 18. Qxe4 Rfd8 19. Bc3 Nb5 20. Ne5 Nxc3 21.
bxc3 Qd5 22. Qf4 Rf8 23. c4 Qb7 24. Qe3 Rac8 25. Nf3 Bf6 26. Re2 Rc7 27. Rec2
Rfc8 28. a4 Qa6 29. Qb3 Qb7 30. Qa2 Qe4 31. Re2 Qf4 32. Rd2 Rd8 33. Rcd1 Rcd7
34. Qb2 Rd6 35. Qc3 g5 36. c5 bxc5 37. Qxc5 Kg7 38. Qc3 Rd5 39. g3 Qf5 40. Kg2
h5 41. Ne5 Bxe5 42. dxe5 Rxd2 43. Rxd2 Rxd2 44. Qxd2 Qxe5 45. Qc2 Kh6 46. Kh2 f5
47. Qc8 h4 48. Qf8+ Qg7 49. Qxg7+ Kxg7 50. gxh4 gxh4 51. Kg2 Kf6 52. f4 e5 53.
fxe5+ Kxe5 54. Kf3 Kf6 55. Kf4 Ke6 56. Kf3 Ke5 57. Ke3 f4+ 58. Kf3 Kf5 59. Kf2
Ke4 60. Ke2 f3+ 61. Kf2 Kf4 62. Kf1 Kg3 63. Kg1 Kxh3 64. Kf2 Kg4 65. Kg1 Kg3 66.
Kf1 h3 67. Kg1 h2+ 68. Kh1 Kf2 69. Kxh2 Ke2 70. Kg1 f2+ {White resigns} 0-1

[Event "Team 45 45 League T58"]
[Site "Internet Chess Club"]
[Date "2013.09.09"]
[Round "3"]
[White "MBAStudent"]
[Black "rayonline53"]
[Result "1-0"]
[WhiteElo "1628"]
[BlackElo "1608"]
[Opening "Caro-Kann: classical variation"]
[ECO "B18"]
[Time "18:00:14"]
[TimeControl "2700+45"]

1. e4 c6 2. d4 d5 3. Nc3 dxe4 4. Nxe4 Bf5 5. Ng3 Bg6 6. Nf3 Nd7 7. Bd3 Bxd3 8.
Qxd3 e6 9. O-O Ngf6 10. c4 Be7 11. b3 c5 12. d5 exd5 13. Re1 O-O 14. Nf5 Re8 15.
Bf4 d4 16. Ne5 Bf8 17. Qg3 Nxe5 18. Rxe5 Nh5 19. Nh6+ Kh8 20. Nxf7+ Kg8 21. Nxd8
{Black resigns} 1-0

[Event "Team 45 45 League T58"]
[Site "Internet Chess Club"]
[Date "2013.09.09"]
[Round "3"]
[White "chrisgianno"]
[Black "John3v16"]
[Result "1-0"]
[WhiteElo "1744"]
[BlackElo "1688"]
[Opening "KGA: Muzio gambit"]
[ECO "C37"]
[Time "08:04:24"]
[TimeControl "2700+45"]

1. e4 e5 2. f4 exf4 3. Nf3 g5 4. Bc4 g4 5. O-O gxf3 6. Qxf3 Qf6 7. d3 Bh6 8. Nc3
Ne7 9. Bxf4 Qxf4 10. Qxf4 Bxf4 11. Rxf4 Nbc6 12. Raf1 Ne5 13. Bxf7+ Nxf7 14.
Rxf7 c6 15. Rg7 Rf8 16. Rxh7 Rxf1+ 17. Kxf1 d6 18. h3 Kf8 19. g4 Be6 20. Kf2 Bg8
21. Rh6 Rd8 22. h4 Kg7 23. g5 Bf7 24. Rf6 Bh5 25. Ne2 Rf8 26. Nf4 Bf7 27. h5
Bxa2 28. h6+ Kg8 29. h7+ Kg7 30. Rxf8 Kxh7 31. Rb8 {Black resigns} 1-0

[Event "Team 45 45 League T58"]
[Site "Internet Chess Club"]
[Date "2013.09.08"]
[Round "3"]
[White "kabindra"]
[Black "Signalman"]
[Result "0-1"]
[WhiteElo "1680"]
[BlackElo "1644"]
[Opening "French: Tarrasch"]
[ECO "C03"]
[Time "13:27:20"]
[TimeControl "2700+45"]

1. e4 e6 2. d4 d5 3. Nd2 Be7 4. Bd3 Nc6 5. c3 dxe4 6. Nxe4 e5 7. dxe5 Nxe5 8.
Bb5+ c6 9. Qxd8+ Bxd8 10. Be2 Bc7 11. h3 Bf5 12. Ng3 Ne7 13. Bg5 f6 14. Nxf5
Nxf5 15. Bd2 Bb6 16. Nf3 Nxf3+ 17. Bxf3 Rd8 18. Bh5+ g6 19. Be2 Bxf2+ 20. Kxf2
Rxd2 21. Rhe1 O-O 22. Kg1 Rxb2 23. Rad1 b5 24. a3 Kg7 25. c4 Re8 26. Bf1 Rxe1
27. Rxe1 b4 28. axb4 Rxb4 29. Ra1 Rb7 30. c5 Ne3 31. Be2 Nd5 32. Ba6 Re7 33. Bc4
Nb4 34. Rb1 Nc2 35. Rb8 f5 36. Rc8 Nd4 37. Rd8 Nb5 38. Rb8 Kf6 39. Bxb5 cxb5 40.
Rxb5 Rc7 41. Ra5 Ke6 42. Kf2 Kd5 43. Kf3 g5 44. Ke3 h5 45. c6+ Kxc6 46. Rxf5
Re7+ 47. Kd4 Rd7+ 48. Kc4 Rg7 49. g3 Kb7 50. Kc5 Rc7+ 51. Kd6 Rc6+ 52. Ke7 Kb6
53. Rxg5 a5 54. Rxh5 a4 55. Rf5 a3 56. Rf3 a2 57. Ra3 Rc7+ 58. Kf6 Ra7 59. Rxa2
Rxa2 60. Kg5 Ra5+ 61. Kh4 Kc6 62. g4 Kd6 63. g5 Ra4+ 64. Kh5 Ke6 65. h4 Kf5 66.
g6 Rg4 67. Kh6 Rxg6+ 68. Kh7 Kf6 69. h5 Rg4 70. h6 Rg6 {White resigns} 0-1

[Event "Team 45 45 League T58"]
[Site "Internet Chess Club"]
[Date "2013.09.09"]
[Round "3"]
[White "oldway"]
[Black "KidRattler"]
[Result "0-1"]
[WhiteElo "1519"]
[BlackElo "1482"]
[Opening "Sicilian: Alapin's variation (2.c3)"]
[ECO "B22"]
[Time "08:56:08"]
[TimeControl "2700+45"]

1. e4 c5 2. c3 d6 3. d4 cxd4 4. cxd4 Nc6 5. Nf3 g6 6. Bc4 Nf6 7. Nc3 Bg4 8. Be3
Bg7 9. h3 Bxf3 10. Qxf3 Qc7 11. Bb5 O-O 12. O-O e5 13. d5 Ne7 14. Rac1 Qa5 15.
Bg5 a6 16. Bxf6 Bxf6 17. Qxf6 axb5 18. Qxe7 b4 19. Ne2 Qxa2 20. Rc2 Qa6 21. Rfc1
b3 22. Rd2 Qa5 23. Nc3 Qa6 24. Qd7 Rfc8 25. Rcd1 h5 26. Qb5 Rc5 27. Qxb3 b5 28.
Ne2 Rc4 29. Rc1 Rxe4 30. Rc6 Qa1+ 31. Kh2 Qe1 32. Nc3 Qxd2 33. Nxe4 Qf4+ 34. Ng3
h4 35. Rxd6 hxg3+ 36. Qxg3 Qd4 37. Qb3 e4 38. Rd7 Qxf2 39. Qxb5 Qf4+ 40. Kg1
Ra1+ {White resigns} 0-1

[Event "Team 45 45 League T58"]
[Site "Internet Chess Club"]
[Date "2013.09.05"]
[Round "3"]
[White "Lumumba"]
[Black "gcl"]
[Result "1-0"]
[WhiteElo "1581"]
[BlackElo "1644"]
[Opening "Sicilian: Kan, Polugaievsky variation"]
[ECO "B42"]
[Time "19:00:07"]
[TimeControl "2700+45"]

1. e4 c5 2. Nf3 e6 3. d4 cxd4 4. Nxd4 a6 5. Bd3 Bc5 6. Nb3 Be7 7. O-O d6 8. c4
Nf6 9. Nc3 Qc7 10. Be3 Nbd7 11. Rc1 Ne5 12. Be2 O-O 13. Kh1 b6 14. f4 Ng6 15.
Nd2 Bb7 16. b3 Rac8 17. Bf3 Nh4 18. Be2 Qc6 19. Bf2 Ng6 20. Bf3 Qc7 21. Bg3 Rfd8
22. Qe2 Qc5 23. Qf2 Rd7 24. Na4 Qxf2 25. Bxf2 Rb8 26. Nxb6 Rc7 27. g3 Bc6 28.
Na4 Bxa4 29. bxa4 Rb2 30. Rfd1 Rxa2 31. Ra1 Rb2 32. Rab1 Ra2 33. Ra1 Rc2 34. Kg1
Nd7 35. Rab1 f6 36. a5 Nc5 37. Bg4 Kf7 38. Rb6 Na4 39. Rbb1 Nc3 40. Rbc1 Nxd1
41. Rxc2 Nxf2 42. Kxf2 d5 43. Bxe6+ Kxe6 44. f5+ Ke5 45. fxg6 hxg6 46. exd5 Bb4
47. Ke2 Bxa5 48. Nf3+ Kd6 49. Kd3 Bb4 50. Nh4 g5 51. Nf5+ Ke5 52. Nd4 a5 53.
Re2+ Kd6 54. Nb5+ Kd7 55. Nxc7 Kxc7 56. Kc2 Kd6 57. Kb3 Kc5 58. Re6 a4+ 59. Kxa4
Kxc4 60. d6 Kd5 61. d7 Kxe6 62. d8=Q Bd6 63. Kb5 Be5 64. Qg8+ Kf5 65. Qxg7 Kg4
66. Qd7+ Kf3 67. Kc5 Kg2 68. Qh7 g4 69. Kd5 Bxg3 70. hxg3 Kxg3 71. Ke6 Kg2 72.
Kxf6 g3 73. Qh4 Kf3 74. Kf5 g2 75. Qe1 g1=Q 76. Qxg1 {Black resigns} 1-0

[Event "Team 45 45 League T58"]
[Site "Internet Chess Club"]
[Date "2013.09.08"]
[Round "3"]
[White "Whalen"]
[Black "QuieroAprender"]
[Result "1-0"]
[WhiteElo "1664"]
[BlackElo "1654"]
[Opening "King's Indian: Makagonov system (5.h3)"]
[ECO "E71"]
[Time "15:06:07"]
[TimeControl "2700+45"]

1. d4 Nf6 2. c4 g6 3. Nc3 Bg7 4. e4 d6 5. h3 a6 6. Bg5 O-O 7. Qd2 c6 8. Nf3 b5
9. a3 Bb7 10. Be2 bxc4 11. e5 dxe5 12. Nxe5 Nd5 13. Bh6 Nb6 14. Bxg7 Kxg7 15.
O-O N8d7 16. Nxc4 Nxc4 17. Bxc4 Nb6 18. Ba2 e6 19. Ne4 Ra7 20. Nc5 Ba8 21. Bxe6
Na4 22. Nxa4 fxe6 23. Nc5 Qf6 24. Rad1 Rd8 25. Rfe1 Re7 26. Qc3 e5 27. dxe5 Rxe5
28. Rxe5 Rxd1+ 29. Kh2 Qf4+ 30. Qg3 Qc1 31. Qf3 Rh1+ 32. Kg3 Re1 33. Ne6+ Kh6
34. Qf8# {Black checkmated} 1-0